AoeStats
← 869136678

Nomad

509041632Analyzed
2v2 RM · 5d ago on Sep 25, 2026· 159m 22s· 4 players
Game mode
Random Map
Map size
176×176
Population
200
Speed
Normal
Resources
Standard
Victory
Conquest
Starting age
Dark Age
Ending age
Imperial Age
RankedLock teamsTeams togetherTeam positionsShared explorationLock speedFull tech treeHidden civsTurbo modeCheats
Victory
Defeat
🇵🇹 Portuguese · Portugal
649
+18
🇨🇳 Huns · China
589
+20
🇺🇸 Spanish · United States
681
-19
🇺🇸 Persians · United States
681
-19
869136678
11:55 Loom
16:19 Feudal Age
22:24 Castle Age
22:07 Wheelbarrow
21:23 Double-Bit Axe
21:22 Horse Collar
23:39 Wheelbarrow
33:32 Bloodlines
36:56 Imperial Age
36:20 Hand Cart
36:06 Gold Mining
36:09 Stone Mining
36:38 Murder Holes
37:04 Cavalier
38:04 Masonry
38:13 Forging
37:45 Pikeman
38:20 Halberdier
40:38 Scale Barding Armor
41:13 Iron Casting
42:29 Town Watch
43:36 Bloodlines
43:27 Husbandry
44:32 Blast Furnace
46:34 Scale Mail Armor
46:55 Chain Barding Armor
48:30 Chemistry
49:11 Gold Shaft Mining
48:40 Heavy Plow
49:01 Bow Saw
51:15 Two-Man Saw
51:26 Paladin
53:18 Squires
57:08 Guilds
57:48 Arson
60:24 Coinage
60:55 Light Cavalry
65:50 Hussar
67:06 Elite Skirmisher
68:29 Plate Barding Armor
80:32 Fletching
89:32 Caravan
90:14 Bodkin Arrow
93:34 Banking
96:19 Town Patrol
97:51 Bracer
97:53 Padded Archer Armor
98:11 Chain Mail Armor
99:38 Leather Archer Armor
135:24 Man-at-Arms
138:51 Long Swordsman
141:26 Two-Handed Swordsman
dvdsnts13
3:37 Loom
18:09 Feudal Age
19:42 Wheelbarrow
18:53 Town Watch
18:56 Double-Bit Axe
22:13 Horse Collar
27:50 Castle Age
27:25 Gold Mining
27:26 Stone Mining
28:48 Hand Cart
28:34 Town Patrol
28:38 Heavy Plow
28:51 Bow Saw
29:20 Stone Shaft Mining
31:45 Gambesons
31:20 Pikeman
31:46 Arson
41:49 Imperial Age
40:35 Forging
40:26 Scale Mail Armor
40:17 Fletching
40:27 Padded Archer Armor
42:23 Halberdier
44:15 Chemistry
50:31 Iron Casting
50:11 Chain Mail Armor
49:52 Bodkin Arrow
50:13 Leather Archer Armor
53:17 Elite Organ Gun
53:58 Arquebus
54:19 Conscription
62:21 Thumb Ring
61:37 Elite Skirmisher
leehunt85
13:48 Feudal Age
12:11 Loom
14:41 Horse Collar
23:39 Castle Age
24:01 Pikeman
24:42 Squires
24:33 Double-Bit Axe
27:52 Bow Saw
30:24 Murder Holes
31:07 Ballistics
34:44 Kamandaran
34:57 Crossbowman
35:42 Thumb Ring
35:54 Heavy Plow
36:23 Padded Archer Armor
36:14 Fletching
40:28 Imperial Age
39:31 Leather Archer Armor
40:03 Bodkin Arrow
40:21 Forging
40:18 Scale Barding Armor
44:10 Chemistry
43:45 Conscription
43:14 Capped Ram
45:20 Crop Rotation
49:24 Heated Shot
49:11 Cavalier
53:41 Ring Archer Armor
56:19 Elite Cannon Galleon
57:56 Wheelbarrow
57:06 Town Watch
58:42 Cavalier
59:22 Husbandry
58:45 Light Cavalry
67:26 Hussar
68:18 Bloodlines
71:26 Conscription
73:23 Savar
73:29 Halberdier
75:20 Savar
100:25 Hand Cart
100:10 Town Patrol
116:23 Chain Barding Armor
116:33 Ring Archer Armor
116:39 Iron Casting
116:05 Scale Mail Armor
132:28 Elite Skirmisher
MrAlwaysWins
6:58 Loom
15:13 Feudal Age
17:58 Double-Bit Axe
22:22 Castle Age
23:54 Bow Saw
23:39 Horse Collar
24:23 Heavy Plow
24:58 Gold Mining
29:51 Fishing Lines
32:20 Stone Mining
33:55 Wheelbarrow
33:06 Town Watch
34:52 Hand Cart
34:33 Fletching
39:17 Stone Shaft Mining
39:07 Bodkin Arrow
39:13 Padded Archer Armor
39:25 Forging
39:21 Scale Barding Armor
43:40 Imperial Age
41:33 Leather Archer Armor
41:55 Iron Casting
40:49 Pikeman
41:30 Squires
41:17 Arson
41:40 Scale Mail Armor
42:10 Town Patrol
44:48 Conscription
45:08 Hoardings
44:47 Bracer
45:48 Blast Furnace
45:10 Chain Barding Armor
45:21 Ring Archer Armor
45:15 Chain Mail Armor
44:30 Halberdier
46:43 Ballistics
46:19 Murder Holes
47:26 Chemistry
46:38 Masonry
45:53 Elite Conquistador
47:01 Supremacy
51:43 Plate Mail Armor
51:50 Plate Barding Armor
57:44 Architecture
60:03 Husbandry
60:14 Bloodlines
69:06 Two-Man Saw
77:29 Light Cavalry
78:04 Hussar
127:06 Onager
Connection lost

Rejoining the realm…

Still unreachable

The connection could not be restored.

Session expired

The server has moved on; the page needs a fresh start.